Map: 2000 Atmospheres LE

Players

Serral - Winner!

  • Race: Zerg Zerg

TIME (Oliveira)

  • Race: Terran Terran

Event: IEM Katowice 2022

VOD

Have the link to the VOD?

Description

Time

  • Played on: Feb. 24, 2022, 1:08 p.m.
  • Length: 23:18

All games in this series

Show
View Real Time Build Order
Export as new Build Order

Serral Zerg - Winner!

Build Orders: Hatch First 

Get SALT Encoding   

  12  0:00  Drone  
  13  0:12  Overlord  
  13  0:17  Drone  
  14  0:31  Drone x2  
  16  0:48  Hatchery  
  15  0:50  Drone  
  15  0:54  Drone  
  17  0:58  Drone  
  18  1:08  Extractor  
  17  1:13  Spawning Pool  
  17  1:16  Drone  
  17  1:19  Drone  
  18  1:27  Drone  
  19  1:38  Drone  
  20  1:49  Drone  
  21  1:59  Queen x2  
  21  2:00  Zergling x4  
  27  2:10  Overlord  
  27  2:11  Drone  
  28  2:22  Hatchery  
  27  2:25  Drone  
  28  2:30  Drone  
  28  2:32  Drone  
  28  2:35  Drone  
  31  2:37  Metabolic Boost  
  31  2:48  Queen  
  33  2:52  Overlord  
  33  2:54  Drone  
  33  2:56  Drone  
  33  2:58  Drone  
  36  3:04  Pneumatized Carapace  
  36  3:10  Drone x3  
  36  3:11  Drone  
  40  3:15  Overlord  
  40  3:17  Drone  
  41  3:20  Drone  
  41  3:25  Queen  
  44  3:33  Queen  
  46  3:38  Overlord  
  46  3:40  Drone  
  47  3:41  Zergling x4  
  47  3:43  Drone x2  
  47  3:45  Zergling x2  
  47  3:48  Drone  
  53  3:51  Drone x2  
  55  3:58  Overlord, Zergling x2  
  55  4:01  Drone x2  
  58  4:03  Queen  
  58  4:07  Zergling x2  
  58  4:09  Drone x2  
  63  4:11  Queen  
  63  4:14  Zergling x2  
  66  4:17  Overlord  
  66  4:19  Zergling x2  
  66  4:20  Overlord  
  66  4:21  Drone  
  68  4:28  Zergling x2  
  68  4:31  Drone x3  
  72  4:36  Lair  
  72  4:37  Zergling x2, Extractor  
  72  4:38  Drone x3  
  75  4:39  Drone  
  75  4:42  Queen  
  78  4:46  Drone x2  
  78  4:47  Baneling Nest  
  78  4:48  Drone  
  80  4:54  Queen  
  80  4:55  Overlord  
  80  4:57  Drone  
  80  4:59  Overlord  
  83  5:00  Drone  
  83  5:03  Spore Crawler, Drone x2  
  83  5:04  Extractor x2  
  83  5:06  Overlord  
  83  5:12  Zergling x2  
  83  5:13  Overlord  
  84  5:15  Drone x2, Evolution Chamber  
  84  5:16  Drone  
  86  5:21  Drone x3  
  86  5:25  Drone x2  
  91  5:30  Drone, Extractor  
  91  5:31  Extractor  
  91  5:32  Drone x3  
  91  5:35  Drone, Spire  
  93  5:38  Baneling x3, Drone  
  93  5:39  Drone  
  95  5:44  Overlord  
  95  5:48  Drone  
  96  5:50  Overlord  
  96  5:51  Drone x2  
  96  5:56  Overlord  
  98  5:59  Drone  
  98  6:00  Centrifugal Hooks  
  99  6:06  Hatchery  
  99  6:11  Overlord  
  98  6:18  Zergling x14  
  98  6:19  Zergling x2  
  98  6:24  Hatchery  
  105  6:25  Zergling x2  
  105  6:26  Zergling x8  
  105  6:29  Overlord  
  110  6:46  Overlord  
  110  6:51  Mutalisk  
  110  6:52  Mutalisk x7  
  125  6:56  Mutalisk x3  
  130  7:07  Baneling x5  
  130  7:08  Baneling  
  129  7:10  Evolution Chamber, Zergling x12  
  129  7:11  Zergling x2  
  129  7:12  Baneling x4  
  135  7:16  Overlord  
  136  7:30  Drone x6  
  136  7:32  Zerg Ground Armor Level 1  
  136  7:34  Baneling, Overlord  
  136  7:36  Zerg Melee Weapons Level 1  
  141  7:43  Zergling x6  
  141  7:44  Zergling x14  
  151  7:48  Overlord  
  151  7:53  Zergling x8  
  151  7:57  Queen  
  157  7:59  Queen  
  157  8:04  Zerg Flyer Weapons Level 1  
  157  8:05  Overlord  
  159  8:06  Drone x9  
  159  8:08  Mutalisk x4  
  174  8:18  Mutalisk x3  
  180  8:29  Zergling x14  
  186  8:35  Baneling x11  
  186  8:37  Overlord  
  186  8:40  Zergling x18  
  195  8:47  Baneling x8  
  170  9:05  Mutalisk x3  
  170  9:08  Zergling x32  
  162  9:14  Queen  
  162  9:16  Zergling x8  
  168  9:18  Overseer  
  168  9:20  Baneling x7  
  168  9:22  Overseer  
  168  9:24  Extractor  
  168  9:25  Extractor  
  166  9:34  Mutalisk x2  
  166  9:36  Drone x12  
  182  9:40  Zergling x2  
  182  9:43  Zergling x10  
  182  9:44  Zergling x6  
  191  9:50  Zerg Melee Weapons Level 2  
  191  9:56  Zergling x14  
  198  10:02  Zerg Ground Armor Level 2  
  198  10:06  Overlord x2  
  198  10:09  Overlord  
  198  10:10  Zerg Flyer Weapons Level 2  
  198  10:14  Infestation Pit, Baneling x4  
  198  10:21  Extractor x2  
  195  10:23  Spore Crawler  
  195  10:24  Drone x2  
  195  10:25  Drone, Spore Crawler  
  195  10:27  Drone x2, Burrow  
  198  10:32  Hatchery  
  197  10:43  Overseer x2  
  197  10:44  Baneling x3  
  197  10:45  Baneling x8  
  197  10:47  Drone x3  
  200  10:50  Baneling x4  
  200  10:53  Hive  
  200  11:18  Extractor  
  199  11:25  Baneling x9  
  195  11:33  Zergling x2  
  195  11:34  Zergling x10  
  196  11:45  Baneling  
  195  11:51  Baneling x2  
  195  11:52  Baneling x24  
  195  12:00  Zergling x2  
  195  12:01  Zergling x50  
  196  12:02  Overseer  
  188  12:11  Zergling x44  
  188  12:14  Adrenal Glands  
  197  12:15  Zerg Melee Weapons Level 3  
  197  12:17  Ultralisk Cavern, Baneling x9  
  197  12:18  Baneling x5  
  197  12:19  Hatchery  
  193  12:28  Zergling x2  
  193  12:29  Zergling x36  
  196  12:33  Baneling x13  
  174  12:47  Zergling x18  
  174  12:48  Zergling x14  
  181  13:00  Zergling x16  
  181  13:03  Chitinous Plating  
  181  13:05  Overlord  
  189  13:07  Baneling x13  
  189  13:12  Zerg Flyer Armor Level 1  
  188  13:13  Overseer x2, Hatchery  
  188  13:18  Drone x4  
  191  13:20  Baneling x6  
  191  13:21  Baneling x12  
  191  13:22  Zerg Ground Armor Level 3  
  191  13:23  Overseer  
  191  13:29  Zergling x2  
  191  13:30  Zergling x14  
  180  13:43  Zergling x38  
  198  13:53  Drone x4  
  174  14:06  Ultralisk x3  
  181  14:12  Baneling x25  
  181  14:16  Baneling x7  
  174  14:17  Baneling  
  174  14:22  Anabolic Synthesis  
  172  14:25  Zergling x20  
  182  14:32  Zergling x16  
  177  14:45  Pathogen Glands  
  177  14:48  Ultralisk x2  
  189  14:54  Drone x2  
  192  15:00  Zergling x6  
  192  15:01  Overseer x2  
  192  15:05  Baneling x8  
  193  15:11  Zergling x10  
  194  15:14  Zerg Flyer Armor Level 2  
  194  15:15  Baneling  
  194  15:16  Baneling x3  
  193  15:24  Zergling x4  
  182  15:35  Zergling x32  
  183  15:36  Zergling x2  
  193  15:44  Zergling x2  
  193  15:45  Overlord  
  193  15:46  Overlord  
  194  15:52  Overlord  
  194  15:56  Baneling x2  
  194  16:03  Zergling x2  
  194  16:04  Zergling x40  
  196  16:06  Overseer  
  196  16:09  Baneling x19  
  187  16:20  Zergling x8  
  187  16:21  Zergling x28  
  180  16:34  Zergling x36  
  180  16:38  Zergling x4  
  181  16:40  Baneling x4  
  181  16:41  Baneling x8  
  181  16:49  Mutalisk x7  
  195  16:59  Zergling x10  
  198  17:03  Baneling x18  
  198  17:04  Hatchery  
  197  17:08  Zergling x6  
  200  17:17  Spore Crawler  
  200  17:20  Baneling  
  200  17:21  Baneling x8  
  198  17:31  Zergling x2  
  199  17:42  Zergling x14  
  195  17:51  Zergling x14  
  194  18:01  Zergling x2, Zerg Flyer Weapons Level 3  
  194  18:02  Zergling x14  
  197  18:21  Zergling x2  
  197  18:22  Zergling x2  
  199  18:32  Mutalisk  
  195  18:42  Mutalisk x2  
  195  18:47  Overseer x3  
  199  18:50  Mutalisk x4  
  199  18:52  Overseer x2  
  199  18:53  Overlord x2  
  195  18:57  Overlord  
  192  19:08  Zergling x22  
  189  19:15  Zergling x24  
  200  19:29  Baneling x22  
  200  19:34  Drone  
  200  19:35  Zerg Missile Weapons Level 1, Hydralisk Den  
  192  19:40  Zergling x16  
  194  19:49  Zergling x4  
  194  19:50  Zergling x18  
  181  20:07  Lurker Den  
  181  20:09  Lurker Den  
  181  20:11  Zergling x14  
  181  20:12  Zergling x30  
  196  20:16  Hydralisk x2  
  198  20:22  Baneling  
  198  20:23  Baneling x4  
  198  20:24  Baneling  
  198  20:34  Hydralisk  
  198  20:42  Extractor x2  
  193  20:43  Extractor x2  
  193  20:45  Spore Crawler, Baneling x4  
  190  20:50  Unknown  
  190  20:51  Hatchery  
  190  20:55  Hatchery  
  185  21:07  Seismic Spines, Adaptive Talons  
  185  21:09  Lurker  
  185  21:10  Hydralisk, Lurker x2  
  185  21:11  Hydralisk x7  
  191  21:22  Hydralisk x6  
  194  21:39  Lurker x8  
  199  21:42  Greater Spire  
  199  21:47  Overseer  
  199  21:50  Overseer x2  
  199  22:00  Hatchery  
  198  22:04  Zergling x4  
  198  22:05  Baneling  
  198  22:06  Baneling x9  
  174  22:31  Zergling x40  
  182  22:39  Zergling x38  
  188  22:47  Zergling x10  
  191  22:54  Baneling x14  
  191  22:56  Overlord x2  
Show
View Real Time Build Order
Export as new Build Order

TIME Terran 

Build Orders: Reaper Expand, Hellion Banshee 

Get SALT Encoding   

  12  0:00  SCV  
  13  0:12  SCV  
  14  0:17  Supply Depot  
  14  0:24  SCV  
  15  0:38  SCV  
  15  0:39  Barracks  
  16  0:44  Refinery  
  16  0:50  SCV  
  17  1:03  SCV  
  18  1:15  SCV  
  19  1:27  Reaper, Orbital Command  
  20  1:40  Command Center  
  20  1:47  Supply Depot  
  20  1:53  SCV  
  21  1:59  Marine  
  22  2:05  SCV  
  23  2:11  Factory  
  23  2:17  SCV  
  23  2:21  Barracks Reactor  
  24  2:29  SCV  
  25  2:40  Command Center  
  25  2:41  SCV  
  26  2:53  Orbital Command  
  26  2:55  SCV  
  27  2:58  Starport  
  27  3:07  SCV  
  27  3:11  Hellion x2  
  32  3:15  Refinery  
  32  3:16  Barracks Tech Lab  
  32  3:19  SCV  
  33  3:20  SCV  
  34  3:32  SCV x2, Hellion x2  
  40  3:42  Banshee  
  40  3:43  Marine  
  40  3:45  SCV x2  
  46  3:52  Orbital Command  
  48  3:55  Hellion  
  48  3:57  Hellion  
  48  3:58  SCV  
  48  3:59  SCV  
  52  4:03  Supply Depot  
  52  4:10  SCV  
  52  4:11  SCV  
  54  4:17  Barracks Tech Lab  
  54  4:18  SCV  
  54  4:19  Hellion  
  54  4:20  Hellion  
  54  4:22  SCV  
  60  4:25  Viking  
  60  4:26  SCV  
  60  4:29  Supply Depot  
  60  4:30  SCV  
  64  4:36  Marine  
  65  4:38  Stimpack  
  65  4:39  SCV  
  65  4:40  SCV  
  65  4:45  Barracks  
  67  4:47  SCV  
  67  4:51  SCV, Factory Reactor  
  69  4:54  Barracks, Marine  
  69  4:58  SCV  
  71  5:03  Refinery, Starport Reactor, Engineering Bay  
  71  5:04  Engineering Bay  
  71  5:05  Refinery  
  71  5:08  SCV  
  71  5:12  SCV, Marine  
  71  5:13  SCV  
  71  5:14  Supply Depot  
  75  5:20  SCV  
  76  5:27  SCV, Barracks  
  77  5:30  Barracks, Orbital Command  
  77  5:32  Terran Infantry Weapons Level 1, Terran Infantry Armor Level 1  
  77  5:35  Marine x3  
  80  5:37  SCV  
  80  5:38  Supply Depot  
  80  5:40  SCV  
  80  5:41  Supply Depot  
  82  5:49  SCV, Siege Tank  
  84  5:50  Marine  
  85  5:59  Supply Depot  
  85  6:00  SCV x2, Marine x2, Medivac x2  
  85  6:03  SCV  
  94  6:06  Armory  
  94  6:11  Marine x2  
  94  6:12  Supply Depot, SCV x2  
  94  6:15  SCV  
  94  6:18  Combat Shield  
  99  6:19  Barracks Reactor  
  99  6:20  Supply Depot  
  99  6:21  Barracks Reactor, Marine  
  99  6:24  SCV x2  
  102  6:26  Marine  
  102  6:32  Marine  
  104  6:35  Marine  
  104  6:37  SCV, Marine  
  104  6:39  SCV  
  108  6:41  SCV  
  108  6:43  Marine  
  108  6:46  Marine  
  111  6:49  SCV  
  111  6:50  Marine  
  111  6:52  Siege Tank  
  111  6:53  Marine, Medivac x2  
  121  6:55  SCV  
  122  7:01  Marine x3  
  122  7:05  Supply Depot x2  
  122  7:07  Refinery x2, Marine x2  
  127  7:10  Command Center  
  127  7:11  Marine x2  
  129  7:16  Factory  
  129  7:18  SCV  
  129  7:19  SCV  
  129  7:20  SCV  
  129  7:21  Marine  
  133  7:25  Drilling Claws  
  133  7:26  Marine x2, Siege Tank  
  133  7:28  Supply Depot  
  133  7:29  Marine x2  
  140  7:30  Supply Depot, SCV  
  140  7:31  SCV  
  140  7:33  Marine x2  
  140  7:34  Marine  
  140  7:35  Medivac  
  140  7:36  Medivac  
  149  7:43  Missile Turret  
  147  7:44  Missile Turret, Marine x2  
  147  7:45  Marine  
  147  7:51  Missile Turret, Marine  
  145  7:52  SCV  
  145  7:55  SCV  
  143  8:01  Thor  
  149  8:06  Terran Infantry Weapons Level 2  
  149  8:10  SCV  
  149  8:12  Terran Infantry Armor Level 2  
  150  8:13  SCV  
  150  8:15  SCV  
  150  8:16  Marine  
  150  8:17  Marine x2  
  150  8:18  Marine  
  150  8:19  Marine  
  156  8:25  Marine x2  
  159  8:27  Marine  
  159  8:31  Marine  
  161  8:34  Marine  
  161  8:35  Marine  
  161  8:37  Missile Turret  
  161  8:39  Marine  
  161  8:41  Marine  
  163  8:42  Medivac  
  163  8:43  Medivac  
  167  8:52  Marine x2  
  167  8:53  Marine  
  153  9:05  Marine  
  153  9:06  Marine x2  
  153  9:07  Thor  
  153  9:08  Marine  
  136  9:11  SCV x2  
  136  9:14  Marine  
  136  9:15  Barracks  
  136  9:16  Barracks x2  
  139  9:18  Marine  
  139  9:21  Missile Turret, Marine  
  139  9:22  Marauder  
  143  9:24  SCV  
  143  9:26  Factory Reactor  
  143  9:28  SCV x2  
  143  9:29  Marine x2  
  148  9:33  Marine x2  
  148  9:34  Marine x2  
  148  9:35  Medivac x2  
  148  9:36  SCV  
  148  9:37  Planetary Fortress  
  155  9:40  SCV, Marine x2  
  155  9:44  Marine  
  159  9:49  Sensor Tower  
  159  9:52  Thor  
  165  9:53  SCV  
  165  9:55  SCV  
  165  9:58  Marine x2  
  165  9:59  Supply Depot  
  168  10:00  Supply Depot  
  168  10:03  Barracks Tech Lab  
  168  10:04  Barracks Tech Lab  
  168  10:05  Marine  
  169  10:07  Widow Mine x2, Barracks Tech Lab  
  169  10:12  Marauder  
  169  10:13  Command Center  
  175  10:16  Terran Vehicle And Ship Armor Level 1  
  175  10:17  Marine  
  175  10:18  Marine x2  
  177  10:25  Marine  
  178  10:30  Marauder x3, Concussive Shells  
  178  10:32  Terran Infantry Armor Level 3  
  178  10:35  Terran Infantry Weapons Level 3  
  183  10:39  Widow Mine, Missile Turret x2  
  183  10:40  Widow Mine  
  187  10:46  Thor  
  195  10:50  Marauder  
  195  10:57  Missile Turret  
  195  10:58  Missile Turret x2  
  195  10:59  Missile Turret  
  195  11:05  Missile Turret  
  195  11:08  Refinery  
  195  11:10  Supply Depot  
  195  11:14  Sensor Tower  
  195  11:20  Refinery  
  195  11:21  Marine  
  195  11:25  Marauder x2  
  200  11:46  Marine  
  200  11:55  Marauder  
  200  11:58  Widow Mine, Marauder  
  200  11:59  Widow Mine  
  200  12:00  Marine x2  
  200  12:01  Marine, Marauder  
  187  12:09  Marine x2, Marauder  
  187  12:11  Marine x2  
  187  12:12  Thor, Marine  
  187  12:14  Liberator x2  
  191  12:17  Marauder, Marine  
  191  12:19  Command Center x2  
  191  12:21  Marine x2, Marauder  
  198  12:23  Marauder  
  184  12:30  Marine x2  
  184  12:31  Marauder  
  184  12:32  Marine x2  
  184  12:33  Marine  
  184  12:34  Widow Mine x2  
  184  12:35  Marine  
  180  12:38  Marine  
  180  12:39  Marine  
  180  12:43  Marauder  
  158  12:46  Marine  
  158  12:47  Marauder  
  158  12:48  Marine  
  158  12:50  Marine x2  
  148  12:53  Marine x2  
  148  12:57  Marine x2  
  143  12:59  Widow Mine x2, Thor  
  143  13:03  Terran Vehicle And Ship Armor Level 2  
  143  13:05  Marauder x2  
  159  13:06  Marauder  
  159  13:09  Hi-Sec Auto Tracking  
  159  13:12  Neosteel Armor  
  159  13:17  Planetary Fortress  
  159  13:19  Marine x3  
  164  13:20  Marauder  
  164  13:22  Marine  
  164  13:24  Marine x2  
  164  13:27  Widow Mine, Marauder  
  171  13:28  Widow Mine  
  171  13:29  Missile Turret x2, Marine  
  171  13:31  Missile Turret  
  171  13:45  Thor, Marine x2  
  171  13:46  Orbital Command  
  179  13:48  Missile Turret x2  
  179  13:51  Missile Turret  
  174  13:56  Widow Mine x2, Marauder  
  168  14:03  Marine  
  168  14:05  Marine x2  
  168  14:07  Planetary Fortress  
  168  14:08  Marine x2  
  159  14:14  Marine x3  
  159  14:15  Medivac x2  
  163  14:17  Marine  
  163  14:18  Marine  
  163  14:19  Widow Mine  
  163  14:21  Marine x2  
  163  14:22  Marine  
  168  14:24  Marine x2  
  168  14:26  Widow Mine  
  168  14:29  Siege Tank  
  168  14:30  Marine x2  
  177  14:38  Marine x2  
  177  14:44  Marine x2  
  177  14:45  Marine, Marauder  
  173  14:46  Widow Mine  
  173  14:49  Marine  
  173  14:50  Command Center  
  173  14:52  Marine  
  177  14:56  Marine  
  177  14:57  Medivac x2  
  177  14:59  Widow Mine, Marauder  
  186  15:00  Marine x2  
  188  15:12  Marauder, Marine  
  186  15:15  Widow Mine, Thor  
  186  15:16  Marauder x2  
  186  15:21  Marauder  
  200  15:24  Marine  
  189  15:30  Marine x2  
  189  15:32  SCV x2, Marine  
  189  15:33  Marauder  
  189  15:34  Widow Mine  
  188  15:36  Marine  
  188  15:40  Marine  
  188  15:41  Widow Mine  
  188  15:42  Liberator x2  
  196  15:43  Marine x2  
  196  15:47  Missile Turret  
  196  15:49  SCV x2  
  196  15:51  Marauder  
  198  15:58  Marauder  
  187  16:06  Thor, Marauder  
  187  16:07  Widow Mine x2  
  191  16:18  Marine x3  
  191  16:19  Marauder x2  
  191  16:21  Orbital Command  
  191  16:23  Marine x2  
  196  16:31  Marine x2  
  196  16:32  Marine, Marauder x2  
  172  16:36  Marine x2  
  172  16:38  Marine  
  155  16:40  Widow Mine  
  155  16:45  Widow Mine  
  159  16:47  Liberator  
  159  16:49  Marine  
  159  16:50  Marine  
  159  16:53  Marine x3  
  167  16:55  Marine  
  167  16:57  Widow Mine  
  167  16:58  Orbital Command  
  167  17:00  Marauder x2  
  174  17:08  Marine x2  
  174  17:11  Widow Mine  
  178  17:20  Marauder x2  
  178  17:21  Widow Mine x2, Marauder  
  188  17:24  Marine x2  
  188  17:29  Marauder  
  192  17:31  Marine  
  189  17:37  Marine  
  189  17:39  Marine  
  189  17:41  Marauder  
  189  17:42  Marine  
  189  17:43  Marine x2, Marauder  
  183  17:45  Marine  
  183  17:48  Widow Mine x2  
  183  17:51  Marine x2  
  185  17:53  Marine x2  
  185  17:55  Marine  
  177  18:01  Marine  
  177  18:02  Marine  
  174  18:05  Thor  
  174  18:07  Medivac x2  
  174  18:08  Marine  
  174  18:12  Marine x3  
  180  18:14  Marine  
  180  18:16  Widow Mine x2  
  180  18:19  Marauder x2  
  185  18:22  Marine x2  
  185  18:24  Marine  
  183  18:30  Marauder x2  
  183  18:31  Marine x2  
  183  18:32  Marine  
  184  18:39  Marine  
  184  18:42  Marine x3  
  184  18:43  Widow Mine x2  
  191  18:50  Marauder  
  191  18:55  Marauder  
  193  18:59  Marine  
  193  19:00  Marine, Armory  
  190  19:08  Marine  
  190  19:09  Marine x3, Marauder  
  173  19:10  Widow Mine x2  
  173  19:17  Marine x2, Marauder  
  177  19:23  Supply Depot, Command Center  
  179  19:24  Supply Depot  
  179  19:27  Widow Mine, Marauder x2  
  185  19:34  Marine x2  
  185  19:37  Marine  
  188  19:43  Marine x2  
  180  19:49  Marine x2  
  180  19:50  Marauder  
  180  19:51  Widow Mine x2, Thor  
  173  19:53  Marine  
  173  19:56  Marine  
  173  19:57  Marine  
  174  20:01  SCV, Marine  
  174  20:05  Unknown  
  176  20:12  Widow Mine  
  178  20:24  Marauder x2  
  178  20:25  Marine x2  
  178  20:27  Medivac x2  
  178  20:28  Marine  
  189  20:31  Marine x2  
  190  20:40  Marine  
  190  20:42  Marine x2  
  192  20:43  Widow Mine x2  
  196  20:53  Marine  
  196  20:54  Marine  
  196  20:55  Widow Mine  
  186  20:57  Medivac  
  186  20:59  Marine x2  
  190  21:09  Marauder  
  190  21:10  Marine x2  
  193  21:12  Widow Mine x2  
  197  21:20  Marine x2  
  197  21:21  Marine  
  197  21:25  SCV  
  198  21:28  SCV  
  198  21:30  Marine x2  
  198  21:31  Marauder  
  197  21:34  Marauder, Marine  
  199  21:41  Ghost Academy  
  198  21:48  Engineering Bay x2  
  198  21:54  Marine  
  199  22:01  Marine  
  158  22:51  Starport, Factory  
  158  22:55  Starport  
  158  22:58  Marine  

Tags
 
Add a new tag
Caveats
  • Supply blocks, unpowered buildings, or Contaminate may cause inaccurate times.
  • Supply counts are checked every 10 seconds.